 Seeded DCSS version 0.28-a0-906-g0406aca7d3 (webtiles) character file.

Game seed: 19621962 (custom seed)

688 dracfodder the Firebug (level 7, -1/37 HPs)
             Began as a Gargoyle Fire Elementalist on Nov 23, 2021.
             Was a Follower of Vehumet.
             Slain by a wyvern zombie (12 damage)
             ... on level 7 of the Dungeon.
             The game lasted 00:28:51 (5314 turns).

dracfodder the Firebug (Gargoyle Fire Elementalist) Turns: 5314, Time: 00:28:53

Health: -1/37      AC:  6    Str: 11    XL:     7   Next: 62%
Magic:  6/13       EV: 12    Int: 18    God:    Vehumet [*.....]
Gold:   220        SH:  0    Dex: 10    Spells: 4/15 levels left

rFire   + . .      SeeInvis .   h - staff of fire
rCold   . . .      Faith    .   (no shield)
rNeg    + . .      Spirit   .   d - +0 robe
rPois   ∞          Reflect  .   (no helmet)
rElec   +          Harm     .   (no cloak)
rCorr   .          Rampage  .   (no gloves)
Will    .....                   (no boots)
Stlth   ++........              (no amulet)
HPRegen 0.12/turn               (no ring)
MPRegen 0.13/turn               (no ring)

@: no status effects
A: sickness immunity, AC +4, negative energy resistance 1, electricity
resistance, torment resistance 1, petrification resistance
a: Renounce Religion


You were on level 7 of the Dungeon.
You worshipped Vehumet.
Vehumet was aware of your devotion.
You visited 1 branch of the dungeon, and saw 7 of its levels.

You collected 220 gold pieces.

Inventory:

Hand Weapons
 a - a +0 hunting sling
 b - a +1 dagger of speed
Missiles
 c - 45 stones
 i - 22 sling bullets
 m - 45 bolts
Armour
 d - a +0 robe (worn)
Magical Staves
 h - a staff of fire (weapon)
Wands
 j - a wand of iceblast (7)
Scrolls
 f - a scroll of teleportation
 g - 3 scrolls of identify
Potions
 e - a potion of lignification
 k - a potion of attraction {unknown}


   Skills:
 + Level 0.3 Fighting
 + Level 0.1 Staves
 + Level 2.2 Dodging
 + Level 3.3 Stealth
 * Level 4.6 Spellcasting
 + Level 2.2 Conjurations
 * Level 6.2 Fire Magic


You had 4 spell levels left.
You knew the following spells:

 Your Spells              Type           Power      Damage    Failure   Level
a - Foxfire               Conj/Fire      100%       2x1d9     2%          1
b - Scorch                Fire           80%        2d9       1%          2
c - Conjure Flame         Conj/Fire      29%        6-21      8%          3
d - Flame Wave            Conj/Fire      29%        3d7       24%         4
e - Magic Dart            Conj           48%        1d5       5%          1

Your spell library contained the following spells:

 Spells                   Type           Power      Damage    Failure   Level
 Inner Flame              Hex/Fire       23%        N/A       12%         3


Dungeon Overview and Level Annotations

Branches:
Dungeon (7/15)
 Temple: D:4-7

Altars:
Gozag
Vehumet

Shops:
D:4 *   D:5 :

Annotations:
D:4 2 transporters, siradein's ghost, amateur DsBr
D:6 Prince Ribbit


Innate Abilities, Weirdness & Mutations

You are immune to sickness and miasma.
Your stone body is resilient. (AC +4)
You are immune to poison.
You resist negative energy. (rN+)
You are resistant to electric shocks. (rElec)
You are resistant to unholy torment.
You are immune to petrification.


Message History

The foxfire hits the wyvern zombie.
The wyvern zombie is lightly damaged.
Your foxfire dissipates!
The foxfire hits the wyvern zombie but does no damage.
The wyvern zombie is lightly damaged.
Casting: Foxfire (safe; 2% risk of failure)
Press: ? - help, Q - select action, (/) - cycle Dir - look around, f - activate You feel a surge of power!
You conjure some foxfire!
The foxfire hits the wyvern zombie.
The wyvern zombie is moderately damaged.
The foxfire hits the wyvern zombie.
The wyvern zombie is moderately damaged.
The foxfire hits the wyvern zombie.
The wyvern zombie is moderately damaged.
The wyvern zombie bites you but does no damage.
Casting: Foxfire (safe; 2% risk of failure)
Press: ? - help, Q - select action, (/) - cycle Dir - look around, f - activate You feel a surge of power!
You conjure some foxfire!
The wyvern zombie closely misses you.
You hit the wyvern zombie.
The wyvern zombie is heavily damaged.
The foxfire hits the wyvern zombie.
The wyvern zombie is heavily damaged.
The foxfire hits the wyvern zombie.
The wyvern zombie is heavily damaged.
The wyvern zombie bites you.
Casting: Foxfire (safe; 2% risk of failure)
Press: ? - help, Q - select action, (/) - cycle Dir - look around, f - activate You feel a surge of power!
You conjure some foxfire!
The wyvern zombie bites you!
* * * LOW HITPOINT WARNING * * *
The wyvern zombie bites you but does no damage.
You hit the wyvern zombie. You burn the wyvern zombie.
The wyvern zombie is severely damaged.
The foxfire hits the wyvern zombie.
The wyvern zombie is severely damaged.
The foxfire hits the wyvern zombie.
The wyvern zombie is almost destroyed.
The wyvern zombie bites you!
You die...

........#
#.........+
#.........########
#.................
#.................
##.................
#...........§(.....
#..........@.......
#..<.....)..Z......
#...)..............
#..................
#......####........
#......# #...$....
#......# #.....)..
#......# #........
#......# .......


You could see a wyvern zombie.

Vanquished Creatures
  A phantom (D:7)
  A wyvern zombie (D:7)
  2 bullfrogs (D:6)
  A scorpion (D:4)
  A jelly (D:4)
  A centaur zombie (D:6)
  A bullfrog skeleton (D:4)
  An orc priest (D:3)
  A hound (D:4)
  2 iguanas (D:4)
  A hound zombie (D:5)
  A hound skeleton (D:4)
  4 adders
  An adder skeleton (D:4)
  2 dart slugs
  13 orcs
  6 endoplasms
  3 giant cockroaches
  7 goblins
  10 hobgoblins
  2 quokkas (D:1)
  10 ball pythons
  2 bats
  4 frilled lizards
  3 kobolds
  4 rats
85 creatures vanquished.

Vanquished Creatures (collateral kills)
  A goblin (D:4)
1 creature vanquished.

Vanquished Creatures (others)
  241 foxfires
241 creatures vanquished.

Grand Total: 327 creatures vanquished

Notes
Turn   | Place    | Note
-------+----------+-------------------------------------------
     0 | D:1      | dracfodder the Gargoyle Fire Elementalist began the quest
                  | for the Orb.
     0 | D:1      | Reached XP level 1. HP: 10/10 MP: 3/3
   278 | D:1      | Reached XP level 2. HP: 15/15 MP: 0/5
   730 | D:1      | Learned a level 2 spell: Scorch
  1174 | D:2      | Reached XP level 3. HP: 19/19 MP: 3/6
  1637 | D:2      | Learned a level 3 spell: Conjure Flame
  1974 | D:3      | Reached skill level 4 in Fire Magic
  2462 | D:3      | Reached XP level 4. HP: 24/24 MP: 2/7
  2617 | D:3      | Found a radiant altar of Vehumet.
  2624 | D:3      | Became a worshipper of Vehumet
  2851 | D:3      | Reached XP level 5. HP: 28/28 MP: 3/9
  2856 | D:3      | Learned a level 4 spell: Flame Wave
  3728 | D:4      | Reached skill level 5 in Fire Magic
  3810 | D:4      | Found Laoz's Assorted Antiques.
  3901 | D:4      | Reached * piety under Vehumet
  3901 | D:4      | Offered knowledge of Magic Dart by Vehumet.
  3902 | D:4      | Reached XP level 6. HP: 32/32 MP: 11/11
  3904 | D:4      | Learned a level 1 spell: Magic Dart
  4166 | D:4      | Found a transporter.
  4166 | D:4      | Noticed siradein's ghost (amateur DsBr)
  4169 | D:4      | Found a transporter.
  4688 | D:5      | Entered Level 5 of the Dungeon
  4755 | D:4      | Found an opulent altar of Gozag.
  4824 | D:5      | Found Vetzuih's Book Shoppe.
  4889 | D:5      | You fall into a shaft and drop 1 floor!
  4893 | D:6      | Reached skill level 6 in Fire Magic
  4893 | D:6      | Reached XP level 7. HP: 36/36 MP: 8/13
  5143 | D:6      | Noticed a troll
  5169 | D:6      | Noticed Prince Ribbit
  5314 | D:7      | Slain by a wyvern zombie

Illustrated notes

Levels and vault maps discovered:
D:1:      minmay_arrival_split_and_join, layout_basic
D:2:      layout_loops_cross
D:3:      layout_basic, mainiacjoe_overflow_alcove_2
D:4:      layout_layer_cave, kennysheep_mini_moat, gammafunk_ghost_mausoleum,
          serial_shops, shop
D:5:      layout_basic, tso_oasis_becter, mainiacjoe_overflow_catch_the_wave,
          minmay_temple_entry_slanted, serial_shops, nicolae_stop_n_shop_2
D:6:      lemuel_ice_spiral_2, layout_basic, grunt_ministairs_13,
          uniq_prince_ribbit1
D:7:      layout_basic, mainiacjoe_overflow_surrounded_room, eino_curves_01

Skill      XL: |  1  2  3  4  5  6  7 |
---------------+----------------------+-----
Fire Magic     | 4 5 6 |  6.2
Spellcasting   | 3 4 |  4.6
Dodging        | 2 |  2.2
Conjurations   | 2 |  2.2
Stealth        | 3 |  3.3
Fighting       | |  0.3
Staves         | |  0.1

Action                   |  1- 3 |  4- 6 |  7- 9 || total
-------------------------+-------+-------+-------++-------
Melee: Dagger            |     2 |       |       ||     2
       Staff             |     2 |     5 |     7 ||    14
 Fire: Hunting sling     |     5 |       |       ||     5
 Cast: Foxfire           |    46 |    68 |    20 ||   134
       Scorch            |    10 |    16 |     5 ||    31
       Conjure Flame     |     1 |       |       ||     1
       Magic Dart        |       |     7 |       ||     7
  Use: Scroll            |     3 |     4 |       ||     7
       Potion            |       |       |     1 ||     1
Armor: Robe              |     4 |    12 |    21 ||    37
Dodge: Dodged            |     5 |    24 |    24 ||    53

Table legend: (Time is in decaauts)
 A = Elapsed time spent in this place.
 B = Non-inter-level travel time spent in this place.
 C = Inter-level travel time spent in this place.
 D = Time resting spent in this place.
 E = Time spent auto-exploring this place.
 F = Levels seen in this place.
 G = Mean time per level.
                   A        B        C        D        E       F      G
               +--------+--------+--------+--------+--------+-----+--------+
         Total |   5326 |   5200 |    126 |   1688 |   2647 |   7 |  760.9 |
       Dungeon |   5326 |   5200 |    126 |   1688 |   2647 |   7 |  760.9 |
               +--------+--------+--------+--------+--------+-----+--------+

Top non-repeatable levels by time:
     D:3: 1280 daAuts
     D:4: 1236 daAuts
     D:2: 1153 daAuts
     D:1: 1137 daAuts
     D:6: 294 daAuts
     D:7: 136 daAuts
     D:5: 88 daAuts
